General information
- name: BNet
- type: Ladder team game (AT/RT)
- host: Battle.net
- saver: noooooobs
map: Goldshire
- players: 4
- length: 16:37
- speed: Fast
- version: 1.24 W3XP
- replay type: Public
» download(100 KB)
Players
team 1 (loser)
iluhan (
red | 109 APM | 1792 actions | 16:23)
3 Blademaster
2 Wind Walk
1 Critical Strike
2 Shadow Hunter
1 Hex
1 Healing Wave
» actions
| Assign group hotkey | 87 | |
| Basic commands | 35 | |
| Build / train | 58 | |
| Enter build submenu | 12 | |
| Enter hero's abilities submenu | 5 | |
| Give item / drop item | 1 | |
| Remove unit from queue | 3 | |
| Right click | 770 | |
| Select / deselect | 210 | |
| Select group hotkey | 522 | |
| Use ability | 89 | |
1792 total
» units
| Peon | 9 | |
| Grunt | 11 | |
| Raider | 9 | |
| Kodo Beast | 1 | |
30 total
» upgrades
| Ensnare | 1 | |
| Berserker Strength | 1 | |
2 total
» buildings
| Altar of Storms | 1 | |
| Orc Burrow | 4 | |
| Barracks | 1 | |
| Voodoo Lounge | 1 | |
| Stronghold | 1 | |
| Beastiary | 1 | |
| War Mill | 1 | |
| Great Hall | 1 | |
11 total
» build order
00:08 Altar of Storms
00:19 Orc Burrow
00:42 Barracks
01:30 Orc Burrow
01:53 Voodoo Lounge
02:56 Stronghold
04:32 Orc Burrow
05:27 Beastiary
05:47 Orc Burrow
07:48 War Mill
08:56 Great Hall
» items
| Healing Salve | 5 | |
| Lesser Clarity Potion | 3 | |
| Scroll of Speed | 3 | |
| Potion of Healing | 3 | |
14 total
LooksLike[GG] (
green | 81 APM | 1339 actions | 16:36)
4 Death Knight
2 Death Coil
2 Unholy Aura
3 Lich
2 Frost Nova
1 Dark Ritual
» actions
| Assign group hotkey | 23 | |
| Basic commands | 3 | |
| Build / train | 71 | |
| Enter build submenu | 13 | |
| Enter hero's abilities submenu | 7 | |
| Give item / drop item | 2 | |
| Right click | 565 | |
| Select / deselect | 182 | |
| Select group hotkey | 352 | |
| Use ability | 121 | |
1339 total
» units
| Acolyte | 2 | |
| Ghoul | 1 | |
| Crypt Fiend | 11 | |
| Obsidian Statue | 1 | |
| Abomination | 3 | |
18 total
» upgrades
| Web | 1 | |
| Creature Attack | 1 | |
| Destroyer Form | 1 | |
| Creature Carapace | 1 | |
4 total
» buildings
| Graveyard | 2 | |
| Crypt | 1 | |
| Altar of Darkness | 1 | |
| Ziggurat | 5 | |
| Tomb of Relics | 1 | |
| Nerubian Tower | 2 | |
| Halls of the Dead | 2 | |
| Slaughterhouse | 1 | |
| Black Citadel | 4 | |
| Spirit Tower | 2 | |
21 total
» build order
00:15 Graveyard
00:20 Graveyard
00:23 Crypt
00:46 Altar of Darkness
01:01 Ziggurat
01:37 Tomb of Relics
02:28 Ziggurat
02:43 Nerubian Tower
02:43 Nerubian Tower
03:29 Halls of the Dead
03:30 Halls of the Dead
04:51 Ziggurat
06:07 Slaughterhouse
06:49 Black Citadel
06:49 Black Citadel
07:55 Ziggurat
08:26 Ziggurat
09:03 Spirit Tower
09:03 Spirit Tower
» items
| Rod of Necromancy | 3 | |
| Healing Salve | 1 | |
| Lesser Clarity Potion | 1 | |
| Potion of Healing | 4 | |
| Scroll of Healing | 3 | |
| Scroll of Protection | 1 | |
| Orb of Corruption | 4 | |
| Scroll of Town Portal | 2 | |
19 total
team 2 (winner)
nO.name (
blue | 91 APM | 1508 actions | 16:37)
4 Death Knight
2 Death Coil
2 Unholy Aura
3 Lich
2 Frost Nova
1 Frost Armor
2 Naga Sea Witch
1 Frost Arrows
1 Forked Lightning
» actions
| Assign group hotkey | 21 | |
| Basic commands | 12 | |
| Build / train | 51 | |
| Enter build submenu | 11 | |
| Enter hero's abilities submenu | 9 | |
| Give item / drop item | 1 | |
| Right click | 774 | |
| Select / deselect | 172 | |
| Select group hotkey | 380 | |
| Use ability | 77 | |
1508 total
» units
| Acolyte | 5 | |
| Ghoul | 2 | |
| Crypt Fiend | 14 | |
| Obsidian Statue | 5 | |
26 total
» upgrades
» buildings
| Graveyard | 1 | |
| Crypt | 1 | |
| Ziggurat | 6 | |
| Altar of Darkness | 1 | |
| Tomb of Relics | 1 | |
| Nerubian Tower | 1 | |
| Halls of the Dead | 1 | |
| Black Citadel | 1 | |
| Slaughterhouse | 1 | |
14 total
» build order
00:09 Graveyard
00:14 Crypt
00:32 Ziggurat
00:53 Altar of Darkness
01:39 Tomb of Relics
02:10 Ziggurat
02:22 Nerubian Tower
03:59 Halls of the Dead
04:40 Ziggurat
06:18 Ziggurat
06:29 Black Citadel
07:15 Slaughterhouse
07:50 Ziggurat
11:48 Ziggurat
» items
| Rod of Necromancy | 3 | |
| Dust of Appearance | 1 | |
| Boots of Speed | 1 | |
| Scroll of Town Portal | 1 | |
| Potion of Healing | 1 | |
| Orb of Corruption | 1 | |
8 total

»
noooooobs (
yellow | 124 APM | 2066 actions | 16:37)
4 Death Knight
2 Death Coil
2 Unholy Aura
3 Lich
2 Frost Nova
1 Frost Armor
1 Crypt Lord
1 Impale
» actions
| Assign group hotkey | 58 | |
| Basic commands | 19 | |
| Build / train | 58 | |
| ESC pressed | 1 | |
| Enter build submenu | 9 | |
| Enter hero's abilities submenu | 10 | |
| Give item / drop item | 7 | |
| Right click | 625 | |
| Select / deselect | 680 | |
| Select group hotkey | 483 | |
| Use ability | 116 | |
2066 total
» units
| Acolyte | 3 | |
| Ghoul | 3 | |
| Crypt Fiend | 12 | |
| Obsidian Statue | 5 | |
| Abomination | 2 | |
25 total
» upgrades
| Creature Attack | 2 | |
| Burrow | 1 | |
| Destroyer Form | 1 | |
| Web | 2 | |
6 total
» buildings
| Crypt | 1 | |
| Graveyard | 1 | |
| Altar of Darkness | 1 | |
| Ziggurat | 4 | |
| Tomb of Relics | 1 | |
| Halls of the Dead | 1 | |
| Nerubian Tower | 1 | |
| Slaughterhouse | 1 | |
| Black Citadel | 1 | |
12 total
» build order
00:05 Crypt
00:13 Graveyard
00:41 Altar of Darkness
00:56 Ziggurat
01:21 Tomb of Relics
01:58 Ziggurat
04:13 Halls of the Dead
04:42 Nerubian Tower
05:16 Ziggurat
06:36 Slaughterhouse
07:06 Ziggurat
08:10 Black Citadel
» items
| Rod of Necromancy | 7 | |
| Dust of Appearance | 1 | |
| Potion of Healing | 1 | |
| Orb of Corruption | 1 | |
| Scroll of Healing | 1 | |
11 total
Chat log
(00:20 / Allies) noooooobs: from netherlands
(00:21 / Allies) noooooobs: u?
(00:25 / Allies) nO.name: romania
(00:27 / Allies) nO.name: :D
(00:27 / Allies) noooooobs: ok
(00:28 / Allies) nO.name: age
(00:29 / Allies) nO.name: ?
(00:30 / Allies) noooooobs: 19
(00:35 / Allies) nO.name: 17
(00:36 / Allies) nO.name: :P
(00:39 / Allies) nO.name: 16
(00:41 / Allies) nO.name: *
(00:43 / Allies) noooooobs: ah
(00:47 / Allies) nO.name: :D
(00:48 / Allies) noooooobs: kiddy ;D
(00:55 / Allies) nO.name: no
(01:00 / Allies) noooooobs: almost adult
(01:05 / Allies) nO.name: y
(01:06 / Allies) nO.name: ^^
(01:15 / Allies) noooooobs: can u drink in romania when 16?
(01:23 / Allies) nO.name: y
(01:24 / Allies) nO.name: mass
(01:26 / Allies) noooooobs: here too
(01:29 / Allies) noooooobs: :D
(01:31 / Allies) nO.name: ^^
(03:22 / Allies) noooooobs: >?
(03:29 / Allies) nO.name: w8
(05:28 / Allies) noooooobs: more important
(05:28 / Allies) noooooobs: gogo
(06:39 / Allies) nO.name: wood?
(06:44 / Allies) nO.name: tu
(06:55 / Allies) nO.name: ty
(08:33 / Allies) nO.name: harras bm
(10:50 / Allies) noooooobs: no mana
(10:59 / Allies) nO.name: ahh
(11:00 / Allies) nO.name: b
(11:28 / Allies) nO.name: i have delay
(13:09 / Allies) noooooobs: he here
(13:18 / Allies) nO.name: borrow
(13:25 / Allies) nO.name: bb
(16:12 / Allies) noooooobs: gj
(16:18 / Allies) nO.name: u2:P